 Dungeon Crawl Stone Soup version 0.20-a0-899-g09a9bfb (webtiles) character file.

4812 nikopol the Thaumaturge (level 10, 0/50 HPs)
             Began as a Deep Elf Fire Elementalist on Mar 18, 2017.
             Was an Initiate of Vehumet.
             Shot with an arrow by a centaur warrior (9 damage)
             ... on level 9 of the Dungeon.
             The game lasted 00:52:25 (10368 turns).

nikopol the Thaumaturge (DEFE)                     Turns: 10368, Time: 00:52:26

Health: 0/50       AC:  4    Str:  5    XL:     10   Next: 24%
Magic:  5/26       EV: 16    Int: 24    God:    Vehumet [......]
Gold:   475        SH:  0    Dex: 15    Spells: 20/29 levels left

rFire    . . .     SeeInvis .   g - +1 short sword
rCold    + . .     Gourm    .   H - +2 robe {rC+}
rNeg     . . .     Faith    .   (no shield)
rPois    .         Spirit   .   (no helmet)
rElec    .         Reflect  .   (no cloak)
rCorr    .         Harm     .   (no gloves)
MR       +....                  (no boots)
Stlth    ++++......             o - amulet of rage
Regen    0.2/turn               (no ring)
MPRegen  0.2/turn               e - ring of flight

@: no status effects
A: no striking features
a: Renounce Religion, Evoke Berserk Rage, Evoke Flight


You were on level 9 of the Dungeon.
You worshipped Vehumet.
Vehumet was noncommittal.
You were very hungry.

You visited 2 branches of the dungeon, and saw 10 of its levels.

You collected 475 gold pieces.

Inventory:

Hand Weapons
 g - a +1 short sword (weapon)
Armour
 a - a +0 robe
 H - a +2 robe of cold resistance (worn)
Jewellery
 e - a ring of flight (left hand)
 o - an amulet of rage (around neck)
 r - the amulet "Usiw" {Gourm rC+ Str+7 Int-3 Dex+4}
   (You found it on level 5 of the Dungeon)

   [amulet of the gourmand]

   It allows you to eat raw meat even when not hungry.
   It affects your strength (+7).
   It affects your intelligence (-3).
   It affects your dexterity (+4).
   It protects you from cold.
Wands
 y - a wand of confusion (9/48)
 B - a wand of clouds (4/9)
 E - a wand of flame (36/48)
Scrolls
 f - a scroll of blinking
 s - 4 scrolls of remove curse
 u - a scroll of amnesia {unknown}
 v - 4 scrolls of teleportation
 x - a scroll of torment {unknown}
 z - a scroll of enchant armour {unknown}
 A - 2 scrolls of magic mapping {unknown}
 D - a scroll of enchant weapon
Potions
 d - a potion of flight
 h - a potion of brilliance
 i - 2 potions of haste
 j - a potion of cancellation {unknown}
 k - a potion of degeneration {unknown}
 l - 5 potions of mutation
 m - 5 potions of berserk rage
 n - a potion of might {unknown}
 p - a potion of heal wounds {unknown}
 q - 2 potions of curing
 t - a potion of magic {unknown}
Books
 b - a book of Flames

   Spells                             Type                      Level
   a - Flame Tongue                   Conjuration/Fire             1
   b - Throw Flame                    Conjuration/Fire             2
   c - Conjure Flame                  Conjuration/Fire             3
   d - Inner Flame                    Hexes/Fire                   3
   e - Sticky Flame                   Conjuration/Fire             4
   f - Fireball                       Conjuration/Fire             5
Comestibles
 c - 9 bread rations
 w - 2 royal jellies
 C - 4 meat rations
 F - a fruit


   Skills:
 + Level 6.9 Dodging
 + Level 7.6 Stealth
 * Level 10.4 Spellcasting
 * Level 8.2 Conjurations
 * Level 8.7 Fire Magic


You had 20 spell levels left.
You knew the following spells:

 Your Spells              Type           Power        Failure   Level  Hunger
a - Flame Tongue          Conj/Fire      #####        1%          1    None
b - Conjure Flame         Conj/Fire      ######..     1%          3    None
c - Fireball              Conj/Fire      ######....   4%          5    ####...


Dungeon Overview and Level Annotations

Branches:
Dungeon (9/15)             Temple (1/1) D:7
   Lair: D:8-11         Orc: D:9-12

Altars:
Ashenzari
Cheibriados
Dithmenos
Elyvilon
Fedhas
Gozag
Hepliaklqana
Kikubaaqudgha
Makhleb
Nemelex Xobeh
Okawaru
Qazlal
Ru
Sif Muna
Trog
Uskayaw
Vehumet
Wu Jian
Xom
Yredelemnul
Zin
The Shining One


Message History

The centaur warrior shoots an arrow.
The arrow completely misses you.
Casting: Flame Tongue
Confirm with . or Enter, or press ? or * to list all spells.
Aiming: Flame Tongue
Press: ? - help, Shift-Dir - straight line, f/p - centaur warrior
Aim: a centaur warrior, wielding a shortbow (lightly wounded)
The flame tongue hits the centaur warrior.
The centaur warrior is moderately wounded.
The centaur warrior shoots an arrow.
The arrow closely misses you.
Casting: Flame Tongue
Confirm with . or Enter, or press ? or * to list all spells.
Aiming: Flame Tongue
Press: ? - help, Shift-Dir - straight line, f/p - centaur warrior
Aim: a centaur warrior, wielding a shortbow (moderately wounded)
The flame tongue hits the centaur warrior.
The centaur warrior is moderately wounded.
The centaur warrior shoots an arrow.
The arrow hits you!
* * * LOW HITPOINT WARNING * * *
The centaur warrior shoots an arrow.
The arrow hits you!
You die...

#†.......
#####+###.....r..
#...........#####
#....>......+
#...........#
#...........+
#...........#
#........c†.###
#########.###@#
#Y# #.# #.# #.#
#####(###c#
#.........#
#.........#
#.........#
#..(......#
#.........#


You could see a centaur warrior.

Vanquished Creatures
  2 two-headed ogres (D:8)
  Pikel (D:5)
  Grinder (D:5)
  A hippogriff (D:7)
  The ghost of nikopol the Firebug, an amateur HOFE (D:3)
  A porcupine (D:9)
  A slave (D:5)
  3 ice beasts
  2 black bears (D:8)
  2 necrophages (D:5)
  3 ogres
  5 centaurs
  A bullfrog (D:7)
  A scorpion (D:7)
  A water moccasin skeleton (D:3)
  2 howler monkeys
  A centaur zombie (D:6)
  2 bullfrog zombies (D:6)
  2 hounds
  A gnoll shaman (D:7)
  3 jellies
  2 centaur skeletons
  A bullfrog skeleton (D:4)
  2 iguanas (D:4)
  2 hell rats (D:9)
  3 orc wizards
  5 worker ants
  2 hound skeletons (D:7)
  A worker ant zombie (D:4)
  13 adders
  8 gnolls
  A howler monkey skeleton (D:3)
  A shadow imp (D:5)
  2 oozes
  2 adder zombies
  4 worms (D:2)
  7 leopard geckos
  23 orcs
  11 giant cockroaches
  10 goblins
  12 hobgoblins
  10 jackals
  2 quokkas
  2 ball pythons
  8 bats
  6 frilled lizards
  2 jackal skeletons
  11 kobolds
  2 leopard gecko skeletons
  A leopard gecko zombie (D:3)
  A quokka skeleton (D:7)
  A quokka zombie (D:7)
  9 rats
204 creatures vanquished.

Vanquished Creatures (others)
  A slave (D:5)
  A hound (D:5)
2 creatures vanquished.

Grand Total: 206 creatures vanquished

Notes
Turn   | Place    | Note
-------+----------+-------------------------------------------
     0 | D:1      | nikopol the Deep Elf Fire Elementalist began the quest for the Orb.
     0 | D:1      | Reached XP level 1. HP: 10/10 MP: 6/6
    89 | D:1      | Reached XP level 2. HP: 14/15 MP: 2/8
   557 | D:1      | Reached XP level 3. HP: 19/19 MP: 8/10
   828 | D:1      | Learned a level 3 spell: Conjure Flame
  1308 | D:2      | Reached XP level 4. HP: 24/24 MP: 9/11
  1521 | D:2      | Reached skill level 4 in Spellcasting
  1853 | D:3      | Noticed nikopol's ghost (amateur HOFE)
  2253 | D:3      | Reached XP level 5. HP: 28/28 MP: 11/13
  2701 | D:3      | Reached skill level 5 in Spellcasting
  2744 | D:3      | Learned a level 5 spell: Fireball
  2837 | D:3      | Found a deep blue altar of Sif Muna.
  2978 | D:3      | Reached XP level 6. HP: 15/32 MP: 7/15
  3067 | D:3      | Killed nikopol's ghost
  3697 | D:4      | Reached XP level 7. HP: 31/36 MP: 10/17
  3754 | D:4      | Reached skill level 6 in Spellcasting
  3754 | D:4      | Reached skill level 5 in Fire Magic
  4936 | D:5      | Entered Level 5 of the Dungeon
  4939 | D:5      | Noticed Grinder
  4959 | D:5      | Got a smoking ivory amulet
  4961 | D:5      | Identified the amulet "Usiw" {Gourm rC+ Str+7 Int-3 Dex+4} (You found it on level 5 of the Dungeon)
  5284 | D:5      | Found a basalt altar of Yredelemnul.
  5381 | D:5      | Reached skill level 5 in Conjurations
  5443 | D:5      | Reached skill level 7 in Spellcasting
  5631 | D:5      | Reached XP level 8. HP: 35/41 MP: 13/20
  5772 | D:5      | Noticed Pikel
  5782 | D:5      | Killed Pikel
  5782 | D:5      | Reached skill level 5 in Dodging
  5782 | D:5      | Reached skill level 5 in Stealth
  5904 | D:5      | Killed Grinder
  5904 | D:5      | Reached skill level 8 in Spellcasting
  6868 | D:6      | Reached XP level 9. HP: 45/45 MP: 19/23
  7083 | D:6      | Noticed a hand axe
  7084 | D:6      | Found a hide-covered altar of Uskayaw.
  7084 | D:6      | Noticed a dagger
  7433 | D:7      | Found a blossoming altar of Fedhas.
  7888 | D:7      | Found a staircase to the Ecumenical Temple.
  8076 | D:7      | Reached skill level 9 in Spellcasting
  8483 | D:7      | Found a shimmering altar of Xom.
  8483 | D:7      | Found a sparkling altar of Nemelex Xobeh.
  9392 | D:8      | Noticed a two-headed ogre
  9401 | D:8      | Killed a two-headed ogre
  9401 | D:8      | Reached skill level 10 in Spellcasting
  9611 | D:8      | Noticed a two-headed ogre
  9666 | D:8      | Killed a two-headed ogre
  9666 | D:8      | Reached XP level 10. HP: 43/50 MP: 11/26
 10093 | Temple   | Entered the Ecumenical Temple
 10120 | Temple   | Became a worshipper of Vehumet
 10345 | D:9      | Noticed a death yak
 10354 | D:9      | Noticed a centaur warrior
 10368 | D:9      | Shot with an arrow by a centaur warrior

Vault maps used:
D:1:      matt_arrival_grand_opening, minmay_tetromino_t4
D:2:      wad_river_or_something
D:3:      serial_undead, serial_undead_f, serial_undead_b, serial_undead_e,
          serial_undead_d, serial_undead_c, serial_undead_a, serial_undead_a,
          serial_undead_a, serial_undead_a, serial_undead_e, led_sif_pool
D:5:      yredelemnul_altar_generic, gup_sewer_entry_glass, first_bread,
          minmay_strange_pillars, minmay_door_square, lemuel_flamethrower_1,
          uniq_pikel, uniq_grinder
D:6:      dancing_weapons_uskayaw
D:7:      gammafunk_temple_overflow_pools, minmay_temple_entry_from_below_a,
          basic_altar, grunt_ogre_cave, kennysheep_generic_room_3
D:9:      dpeg_lair_monsters
Temple:   regret_index_temple_mists

Skill      XL: |  1  2  3  4  5  6  7  8  9 |
---------------+----------------------------+-----
Stealth        | 3 4 6 7 |  7.6
Conjurations   | 2 3 4 5 6 8 |  8.2
Spellcasting   | 4 5 7 8 10 | 10.4
Dodging        | 3 4 5 6 |  6.9
Fire Magic     | 4 5 6 8 |  8.7

Action                   |  1- 3 |  4- 6 |  7- 9 | 10-12 || total
-------------------------+-------+-------+-------+-------++-------
Melee: Short sword       |       |     1 |     9 |       ||    10
 Cast: Flame Tongue      |    73 |   138 |   276 |    23 ||   510
       Conjure Flame     |       |     4 |    16 |     2 ||    22
       Fireball          |       |       |     7 |     4 ||    11
Evoke: Wand              |       |       |     1 |       ||     1
  Use: Scroll            |       |     7 |     8 |       ||    15
       Potion            |       |       |     1 |       ||     1
  Eat: Chunk             |     1 |     7 |    18 |     2 ||    28
       Royal jelly       |       |       |     1 |       ||     1
Armor: Robe              |     6 |     4 |     6 |     5 ||    21
Dodge: Dodged            |    17 |    32 |    73 |    16 ||   138
